 Dungeon Crawl Stone Soup version 0.28.0-53-g5a82cb258f (webtiles) character file.

Game seed: 4970679375237458854

3046 ZappyNine the Covert (level 9, 0/41 HPs)
             Began as a Spriggan Enchanter on June 4, 2022.
             Killed by divine providence
             ... invoked by an orc priest
              (13 damage)
             ... on level 7 of the Dungeon.
             The game lasted 00:15:00 (8832 turns).

ZappyNine the Covert (Spriggan Enchanter)           Turns: 8832, Time: 00:15:00

Health: 0/41       AC:  3    Str:  6    XL:     9   Next: 56%
Magic:  13/21      EV: 36    Int: 17    God:
Gold:   263        SH:  0    Dex: 17    Spells: 15/23 levels left

rFire   . . .      SeeInvis +   a - +1 dagger
rCold   . . .      Faith    .   (no shield)
rNeg    . . .      Spirit   .   b - +0 robe
rPois   .          Reflect  .   (helmet restricted)
rElec   .          Harm     .   w - +0 cloak {rCorr}
rCorr   +          Rampage  .   (gloves unavailable)
Will    +....                   (boots unavailable)
Stlth   +++++.....              p - amulet of the acrobat
HPRegen 0.13/turn               y - +4 ring of slaying
MPRegen 0.17/turn               (no ring)

@: acrobatic, very quick
A: very small, no large weapons, unfitting armour, see invisible, speed 3
a: no special abilities


You were on level 7 of the Dungeon.
You visited 1 branch of the dungeon, and saw 7 of its levels.

You collected 263 gold pieces.

Inventory:

Hand Weapons
 a - a +1 dagger (weapon)
Missiles
 h - 4 poisoned darts (quivered)
Armour
 b - a +0 robe (worn)
 d - a +0 cloak
 q - an orb of wrath
 w - a +0 cloak of preservation (worn)
Jewellery
 p - an amulet of the acrobat (around neck)
 y - a +4 ring of slaying (left hand)
 z - a ring of resist corrosion
 A - an amulet of regeneration
 B - a +6 ring of intelligence
Wands
 k - a wand of flame (27)
 x - a wand of charming (8)
Scrolls
 e - a scroll of identify
 f - a scroll of immolation {unknown}
 i - 2 scrolls of vulnerability {unknown}
 l - a scroll of noise {unknown}
 m - a scroll of silence {unknown}
 n - 3 scrolls of teleportation {unknown}
 v - a scroll of enchant armour {unknown}
 C - a scroll of magic mapping {unknown}
Potions
 c - a potion of invisibility
 g - a potion of cancellation {unknown}
 j - a potion of flight {unknown}
 o - 2 potions of heal wounds
 r - a potion of attraction {unknown}
 s - 2 potions of curing {unknown}
 t - 2 potions of mutation {unknown}
 u - a potion of brilliance


   Skills:
 - Level 1.5 Fighting
 - Level 2.6 Short Blades
 + Level 7.5 Dodging
 * Level 13.0 Stealth
 + Level 7.5 Spellcasting
 + Level 7.9 Hexes
 - Level 2.0 Ice Magic


You had 15 spell levels left.
You knew the following spells:

 Your Spells              Type           Power      Damage    Failure   Level
a - Ensorcelled Hibernat  Hex/Ice        46%        N/A       2%          2
b - Confusing Touch       Hex            33%        N/A       1%          3
c - Dazzling Flash        Conj/Hex       38%        N/A       6%          3

Your spell library contained the following spells:

 Spells                   Type           Power      Damage    Failure   Level
 Tukima's Dance           Hex            33%        N/A       1%          3
 Magic Dart               Conj           24%        1d4       11%         1
 Searing Ray              Conj           12%        2d4       17%         2
 Static Discharge         Conj/Air       6%         N/A       17%         2
 Fulminant Prism          Conj/Hex       9%         3d7       22%         4
 Gell's Gravitas          Tloc           6%         N/A       32%         3
 Ignite Poison            Fire/Tmut/Pois 6%         N/A       32%         3
 Mephitic Cloud           Conj/Pois/Air  6%         N/A       32%         3
 Teleport Other           Tloc           6%         N/A       32%         3
 Freezing Cloud           Conj/Ice/Air   4%         6-21      93%         5
 Lightning Bolt           Conj/Air       3%         1d14      97%         5
 Dispersal                Tloc           3%         N/A       100%        6
 Maxwell's Capacitive Co  Air            3%         ∞         100%        8


Dungeon Overview and Level Annotations

Branches:
Dungeon (7/15)
 Temple: D:4-7

Altars:
Fedhas

Annotations:
D:4 Robin
D:6 4 runed translucent doors


Innate Abilities, Weirdness & Mutations

You are very small and have problems with some larger weapons.
You are too small for most types of armour.
You have supernaturally acute eyesight. (SInv)
You cover ground extremely quickly. (Speed+++)


Message History

The orc dies!
Unknown command.
Unknown command.
Unknown command.
Things that are here:
a +0 club; a +0 scale mail of willpower You hit the orc wizard.
The orc wizard is moderately wounded.
The orc wizard completely misses you.
Casting: Dazzling Flash (dangerous; 7% risk of failure)
Confirm with . or Enter, or press ? or * to list all spells.
Casting: Dazzling Flash (dangerous; 7% risk of failure)
Press: ? - help, Dir - look around, f - activate The bullfrog is dazzled.
The orc wizard is dazzled. x2
The bullfrog completely misses you.
An orc priest comes into view. It is wielding a +0 flail.
The bullfrog closely misses you.
Unknown command.
Unknown command.
You hit the bullfrog but do no damage.
The orc priest looks encouraged for a moment.
The bullfrog barely misses you.
You closely miss the bullfrog. The bullfrog misses you.
The orc priest mumbles some strange prayers to Beogh against you.
Beogh smites you! The bullfrog barely misses you.
You catch the helpless bullfrog completely off-guard!
You impale the bullfrog!!
You kill the bullfrog!
The bullfrog closely misses you.
Your Stealth skill increases to level 13!
You hit the bullfrog.
The bullfrog is moderately wounded.
The bullfrog completely misses you.
The orc priest invokes the aid of Beogh against you.
Beogh smites you!
* * * LOW HITPOINT WARNING * * *
The orc wizard is no longer blind.
The orc priest invokes the aid of Beogh against you.
Beogh smites you!
You die...

.#.########...#######
.#.# #...##.... .#.#
#...##.... .#.#
#####.......#
...####..........#
........###..##..#
#..#######.#.##..# #..#
#.###....# #..#
####.#.###@#
#..####...#..# #.#
#......###...# #F#
#.###.## ##.## #.# #.#
#.# #.# #.# #.# #.## ##.#
#.# #.####.###..## #o#
...###.......# #o#
#.).......##.###)########


You could see a bullfrog, an orc priest and an orc.

Vanquished Creatures
  Pikel (D:5)
  A cyclops (D:6)
  Sigmund (D:4)
  Edmund (D:4)
  A water moccasin (D:6)
  2 black bears
  An orc warrior (D:6)
  2 ogres
  A sky beast (D:7)
  A hornet zombie (D:6)
  2 necrophages
  A phantom (D:5)
  2 bullfrogs
  A scorpion (D:6)
  A water moccasin zombie (D:5)
  A wight (D:6)
  A bullfrog zombie (D:5)
  2 centaur zombies
  A hound (D:6)
  Crazy Yiuf (D:5)
  A bullfrog skeleton (D:6)
  An orc wizard (D:3)
  A howler monkey skeleton (D:6)
  8 adders
  A shadow imp (D:6)
  2 white imps
  2 ufetubi (D:6)
  An adder skeleton (D:5)
  3 worms
  4 dart slugs
  17 orcs
  9 endoplasms
  10 goblins
  6 hobgoblins
  6 jackals
  7 kobolds
  A quokka (D:2)
  7 ball pythons
  4 bats
  2 frilled lizards
  8 rats
126 creatures vanquished.

Vanquished Creatures (others)
  An orc (D:7)
1 creature vanquished.

Grand Total: 127 creatures vanquished

Notes
Turn   | Place    | Note
-------+----------+-------------------------------------------
     0 | D:1      | ZappyNine the Spriggan Enchanter began the quest for the
                  | Orb.
     0 | D:1      | Reached XP level 1. HP: 9/9 MP: 5/5
   205 | D:1      | Reached skill level 5 in Stealth
   205 | D:1      | Reached XP level 2. HP: 13/14 MP: 6/6
   355 | D:1      | Learned a level 2 spell: Ensorcelled Hibernation
  1029 | D:2      | Found a faded altar of an unknown god.
  1396 | D:2      | Reached XP level 3. HP: 16/17 MP: 5/8
  1579 | D:2      | Reached skill level 1 in Fighting
  1583 | D:2      | Learned a level 3 spell: Confusing Touch
  1830 | D:2      | Found a blossoming altar of Fedhas.
  1837 | D:2      | Reached skill level 6 in Stealth
  2176 | D:3      | Reached XP level 4. HP: 22/22 MP: 4/9
  3046 | D:3      | Reached XP level 5. HP: 20/25 MP: 2/10
  3736 | D:4      | Noticed Robin
  3870 | D:4      | Noticed an ogre
  3882 | D:4      | Killed an ogre
  3883 | D:4      | Reached skill level 1 in Ice Magic
  4022 | D:4      | Noticed Sigmund
  4031 | D:4      | Killed Sigmund
  4032 | D:4      | Reached XP level 6. HP: 28/30 MP: 9/13
  4077 | D:4      | Noticed Edmund
  4137 | D:4      | Killed Edmund
  4138 | D:4      | Reached skill level 7 in Stealth
  4138 | D:4      | Reached skill level 5 in Hexes
  4138 | D:4      | Reached XP level 7. HP: 6/33 MP: 8/14
  4581 | D:4      | Noticed Pikel
  4671 | D:4      | Reached skill level 8 in Stealth
  5159 | D:5      | Entered Level 5 of the Dungeon
  5266 | D:5      | Learned a level 3 spell: Dazzling Flash
  5635 | D:5      | Killed Pikel
  5636 | D:5      | Reached skill level 5 in Dodging
  5636 | D:5      | Reached skill level 9 in Stealth
  5636 | D:5      | Reached skill level 5 in Spellcasting
  5636 | D:5      | Reached XP level 8. HP: 19/37 MP: 13/17
  5919 | D:5      | Reached skill level 10 in Stealth
  6781 | D:5      | Found a runed translucent door.
  6784 | D:5      | Noticed Crazy Yiuf
  6988 | D:5      | Killed Crazy Yiuf
  7119 | D:6      | Reached skill level 11 in Stealth
  7119 | D:6      | Reached XP level 9. HP: 31/41 MP: 17/19
  8011 | D:6      | Found a large runed translucent door.
  8011 | D:6      | Found a large runed translucent door.
  8035 | D:6      | Reached skill level 12 in Stealth
  8107 | D:6      | Found a large runed translucent door.
  8107 | D:6      | Found a large runed translucent door.
  8156 | D:6      | Noticed a cyclops
  8159 | D:6      | Killed a cyclops
  8825 | D:7      | Reached skill level 13 in Stealth
  8832 | D:7      | Killed from afar by an orc priest

Illustrated notes

Levels and vault maps discovered:
D:1:      lightli_arrival_chessboard, layout_basic, serial_forest,
          infiniplex_forest_clump_diagonal, infiniplex_forest_clump_curved,
          infiniplex_forest_end_1, infiniplex_forest_lined_corner,
          infiniplex_forest_lined_room_2, infiniplex_forest_clump_medium,
          infiniplex_forest_straight_1
D:2:      layout_rooms, basic_altar, ebering_ecumenical_altar_sacrificial
D:3:      layout_loops_ring
D:4:      minmay_diamond_boxcup, layout_basic, uniq_sigmund, uniq_edmund,
          uniq_robin, uniq_pikel
D:5:      layout_basic, minmay_misc_feat_doors, uniq_crazy_yiuf_cottage
D:6:      layout_basic, minmay_hollow_rounded_squares
D:7:      layout_loops_ring, mainiacjoe_overflow_swirl,
          minmay_temple_entry_statues_pillars, uniq_duvessa

Skill      XL: |  1  2  3  4  5  6  7  8  9 |
---------------+----------------------------+-----
Stealth        | 5 6 7 9 11 13 | 13.0
Fighting       | 1 |  1.5
Short Blades   | 2 |  2.6
Dodging        | 3 5 6 7 |  7.5
Spellcasting   | 4 5 6 7 |  7.5
Hexes          | 4 5 6 7 |  7.9
Ice Magic      | 2 |  2.0

Action                   |  1- 3 |  4- 6 |  7- 9 || total
-------------------------+-------+-------+-------++-------
Melee: Dagger            |   110 |   100 |   270 ||   480
       Punch             |       |     1 |     6 ||     7
Throw: Dart              |       |     3 |       ||     3
 Cast: Ensorcelled Hiber |    20 |    42 |    39 ||   101
       Confusing Touch   |       |       |     9 ||     9
       Dazzling Flash    |       |       |     2 ||     2
  Use: Scroll            |       |       |     3 ||     3
 Stab: Sleeping          |    22 |    28 |    25 ||    75
       Confused          |       |       |    10 ||    10
       Invisible         |       |       |     1 ||     1
Armor: Robe              |    15 |     9 |    27 ||    51
Dodge: Dodged            |    72 |    69 |   229 ||   370
